 Dungeon Crawl Stone Soup version 0.26.1-11-gd32895ea62 (webtiles) character file.

Game seed: 18322464079854376727

178 H0rd4k the Insei (level 5, -7/33 HPs)
             Began as an Octopode Transmuter on May 7, 2021.
             Mangled by Menkaure (15 damage)
             ... on level 4 of the Dungeon.
             The game lasted 00:02:35 (3653 turns).

H0rd4k the Insei (Octopode Transmuter)              Turns: 3653, Time: 00:02:36

Health: -7/33      AC:  1    Str: 10    XL:     5   Next: 58%
Magic:  9/9        EV: 17    Int: 16    God:
Gold:   102        SH:  0    Dex: 12    Spells: 5/9 levels left

rFire    . . .     SeeInvis .     - Unarmed
rCold    . . .     Faith    .   (no shield)
rNeg     . . .     Spirit   .   (helmet restricted)
rPois    .         Reflect  .   (no amulet)
rElec    .         Harm     .   e - +4 ring of evasion
rCorr    .         Rampage  .   (no ring)
Will     .....                  (no ring)
Stlth    +++.......             (no ring)
HPRegen  0.11/turn              (no ring)
MPRegen  0.11/turn              (no ring)
                                (no ring)
                                (no ring)

@: no status effects
A: almost no armour, stealthy swim, amphibious, 8 rings, constrict 8, camouflage
1, gelatinous body 1
a: no special abilities


You were on level 4 of the Dungeon.
You visited 1 branch of the dungeon, and saw 4 of its levels.

You collected 102 gold pieces.

Inventory:

Missiles
 m - 7 poisoned darts (quivered)
Jewellery
 e - a +4 ring of evasion (left tentacle)
Scrolls
 a - 2 scrolls of enchant armour {unknown}
 b - 3 scrolls of remove curse {unknown}
 c - a scroll of random uselessness {unknown}
 f - 3 scrolls of identify {unknown}
 g - 2 scrolls of teleportation {unknown}
 h - a scroll of immolation {unknown}
 i - a scroll of fog {unknown}
 j - 2 scrolls of noise {unknown}
 k - a scroll of magic mapping {unknown}
Potions
 d - a potion of mutation {unknown}
 l - a potion of lignification {unknown}
 n - a potion of brilliance {unknown}
 o - a potion of heal wounds {unknown}


   Skills:
 + Level 1.3 Fighting
 + Level 2.5 Dodging
 - Level 1.3 Stealth
 + Level 4.3 Unarmed Combat
 * Level 2.8 Spellcasting
 * Level 2.9 Transmutations
 * Level 1.4 Poison Magic


You had 5 spell levels left.
You knew the following spells:

 Your Spells              Type           Power        Failure   Level
a - Beastly Appendage     Tmut           22%          6%          1
b - Spider Form           Tmut/Pois      4%           24%         3

Your spell library contained the following spells:

 Spells                   Type           Power        Failure   Level
 Wereblood                Tmut           11%          9%          2
 Animate Skeleton         Necr           4%           19%         1
 Apportation              Tloc           4%           19%         1
 Corona                   Hex            2%           19%         1
 Summon Small Mammal      Summ           8%           19%         1
 Ice Form                 Ice/Tmut       6%           71%         4
 Blade Hands              Tmut           5%           85%         5


Dungeon Overview and Level Annotations

Branches:
Dungeon (4/15)
 Temple: D:4-7

Altars:
Dithmenos
Kikubaaqudgha
Makhleb
Ru
Wu Jian
The Shining One

Annotations:
D:4 Menkaure


Innate Abilities, Weirdness & Mutations

You cannot wear most types of armour.
You are very stealthy in the water. (Stealth+)
You are amphibious.
You can wear up to eight rings at the same time.
You can use your tentacles to constrict eight enemies at once.
Your skin changes colour to match your surroundings (Stealth+).
Your rubbery body absorbs attacks. (AC +1, EV +1)


Message History

You squeeze Menkaure, but do no damage.
Menkaure is lightly damaged.
Menkaure closely misses you.
You barely miss Menkaure. You grab Menkaure. You squeeze Menkaure.
Menkaure is moderately damaged.
You constrict Menkaure.
Menkaure calls on the powers of darkness!
Your body is wracked with pain!
You tentacle-slap Menkaure.
Menkaure is heavily damaged.
You constrict Menkaure, but do no damage.
Menkaure hits you!
* * * LOW HITPOINT WARNING * * *
You tentacle-slap Menkaure.
Menkaure is heavily damaged.
You constrict Menkaure. You tentacle-slap Menkaure.
Menkaure is severely damaged.
You constrict Menkaure. Menkaure hits you!
You die...

#.. ... #..#..## ...
....... .....
.....### .......
##......#
.......##.......#..
#...................
#......##...@M......
##..................
#................##.
##................#
#........#####......
##........###.##.....
..................##.
###.............##
##............## ..


You could see Menkaure.

Vanquished Creatures
  2 hounds (D:3)
  A gnoll (D:3)
  4 adders
  2 worms (D:2)
  A leopard gecko (D:3)
  2 orcs (D:3)
  3 giant cockroaches
  5 hobgoblins
  8 jackals (D:3)
  4 quokkas
  A ball python (D:2)
  9 bats
  3 frilled lizards (D:3)
  7 goblins
  5 kobolds
  3 rats
60 creatures vanquished.

Notes
Turn   | Place    | Note
-------+----------+-------------------------------------------
     0 | D:1      | H0rd4k the Octopode Transmuter began the quest for the Orb.
     0 | D:1      | Reached XP level 1. HP: 13/13 MP: 3/3
   376 | D:1      | Reached XP level 2. HP: 15/18 MP: 5/5
   706 | D:2      | Found a glowing golden altar of the Shining One.
  1133 | D:2      | Reached skill level 1 in Stealth
  1258 | D:2      | Reached XP level 3. HP: 23/23 MP: 6/6
  1316 | D:1      | Learned a level 3 spell: Spider Form
  1779 | D:3      | Reached XP level 4. HP: 25/28 MP: 7/7
  1890 | D:3      | Found a shadowy altar of Dithmenos.
  2937 | D:3      | Reached skill level 4 in Unarmed Combat
  2937 | D:3      | Reached skill level 1 in Poison Magic
  2937 | D:3      | Reached XP level 5. HP: 21/33 MP: 7/9
  3500 | D:3      | Found a sacrificial altar of Ru.
  3502 | D:3      | Found an ancient bone altar of Kikubaaqudgha.
  3506 | D:3      | Found a burning altar of Makhleb.
  3507 | D:3      | Found an ornate altar of the Wu Jian Council.
  3644 | D:4      | Noticed Menkaure
  3653 | D:4      | Mangled by Menkaure

Illustrated notes

Levels and vault maps discovered:
D:1:      lightli_arrival_statuegarden, layout_rooms
D:2:      layout_rooms, lemuel_crystal_altar
D:3:      minmay_spotlight, layout_basic, minitemple,
          grunt_dithmenos_smoke_and_mirrors, serial_co_window_serial,
          co_window_corner_a, co_window_paths_a, co_window_paths_a,
          co_window_of_opportunity_a, co_window_paths_a,
          co_window_unsneaky_path_b, co_window_corner_b, co_window_broadway_a,
          co_window_4corner_b, co_window_paths_e, cheibrodos_gnoll_hut
D:4:      layout_cave_pools, grunt_temple_overflow_forces_of_nature,
          marbit_many_paths, uniq_grinder, uniq_menkaure, uniq_edmund

Skill      XL: |  1  2  3  4 |
---------------+-------------+-----
Stealth        | 1 |  1.3
Unarmed Combat | 4 |  4.3
Poison Magic   | 1 |  1.4
Fighting       | |  1.3
Dodging        | |  2.5
Spellcasting   | |  2.8
Transmutations | |  2.9

Action                   |  1- 3 |  4- 6 || total
-------------------------+-------+-------++-------
Melee: Unarmed           |    81 |    86 ||   167
       Constrict         |    17 |    18 ||    35
       Tentacles         |    12 |    13 ||    25
       Punch             |     5 |     1 ||     6
 Stab: Sleeping          |     6 |     4 ||    10
Armor: Skin              |     5 |     3 ||     8
Dodge: Dodged            |    53 |    75 ||   128
